 Dungeon Crawl Stone Soup version 0.26-a0-712-ga5a9c9c9d0 (webtiles) character file.

Game seed: 15304238821293565357

42 Froggeryz the Ruffian (level 3, 0/23 HPs)
             Began as a Gargoyle Monk on Nov 1, 2020.
             Slain by a wraith (10 damage)
             ... in an ossuary.
             The game lasted 00:02:26 (1300 turns).

Froggeryz the Ruffian (Gargoyle Monk)               Turns: 1300, Time: 00:02:27

Health: 0/23       AC: 10    Str: 15    XL:     3   Next: 54%
Magic:  3/3        EV: 10    Int: 10    God:
Gold:   97         SH:  0    Dex: 12    Spells: 2/2 levels left

rFire    . . .     SeeInvis .     - Unarmed
rCold    . . .     Faith    .   (no shield)
rNeg     + . .     Spirit   .   e - +0 scale mail
rPois    ∞         Reflect  .   i - +0 helmet
rElec    +         Harm     .   (no cloak)
rCorr    .         Rampage  .   (no gloves)
MR       .....                  (no boots)
Stlth    +.........             (no amulet)
HPRegen  0.07/turn              (no ring)
MPRegen  0.08/turn              (no ring)

@: brilliant, slowed, very slow
A: negative energy resistance 1, electricity resistance, unbreathing,
petrification resistance, rot immunity, AC +3
a: no special abilities


You were in an ossuary.
You visited 1 branch of the dungeon, and saw 4 of its levels.
You also visited: Ossuary.

You collected 97 gold pieces.

Inventory:

Missiles
 h - 8 javelins (quivered)
 j - 16 poisoned darts
Armour
 e - a +0 scale mail (worn)
 i - a +0 helmet (worn)
Scrolls
 a - 2 scrolls of remove curse {unknown}
 b - 7 scrolls of identify {unknown}
 d - a scroll of enchant armour {unknown}
 g - 2 scrolls of fog {unknown}
 k - a scroll of magic mapping {unknown}
 l - 3 scrolls of enchant weapon {unknown}
 m - a scroll of blinking {unknown}
Potions
 c - a potion of mutation {unknown}
 f - a potion of brilliance


   Skills:
 - Level 3.2 Fighting
 + Level 1.6 Armour
 - Level 2.4 Dodging
 - Level 2.1 Stealth
 * Level 4.1 Unarmed Combat


You had 2 spell levels left.
You didn't know any spells.
Your spell library was empty.

Dungeon Overview and Level Annotations

Branches:
Dungeon (4/15)            Ossuary (1/1)
 Temple: D:4-7

Altars:


Innate Abilities, Weirdness & Mutations

You are resistant to torment.
Your stone body is resilient. (AC +3)
You are immune to poison.
You resist negative energy. (rN+)
You are resistant to electric shocks. (rElec)
You can survive without breathing.
You are immune to petrification.
You are immune to rotting.


Message History

The wraith is moderately damaged.
The wraith barely misses you. The wraith hits you but does no damage.
You hit the wraith. Your punch misses the wraith.
The wraith is moderately damaged.
The wraith barely misses you.
You hit the wraith.
The wraith is moderately damaged.
The wraith misses you.
You hit the wraith.
The wraith is heavily damaged.
The wraith hits you but does no damage. The wraith hits you!
You hit the wraith but do no damage.
The wraith is heavily damaged.
The wraith barely misses you.
You closely miss the wraith.
The wraith is heavily damaged.
The wraith hits you. The wraith drains your vigour!
You feel as though you will be slow longer.
The wraith hits you!
You die...

### #... ......... #W# #..#
#.......# ### #..# ....8...# ^.
##.## #..####.......#+#....
##...###.............#.#....
##.....##...................
###...∩...+..####..# #.....##
#W#.......+..#!W@..# ...8...+
###..^∩...+..####^.####^....###
##.^...##...^................
##...###....^....^...#^#...
##^## #..####.......# ###
#..#.'....8...# #W#
#..####.......###. ##
#..................
#.......^#.#..#.#..


You could see a wraith.

Vanquished Creatures
  An ooze (D:1)
  A worm (D:2)
  A dart slug (D:2)
  A leopard gecko (D:1)
  2 giant cockroaches
  2 goblins
  2 hobgoblins (D:1)
  2 jackals (D:1)
  A kobold (D:2)
  3 ball pythons (D:1)
  2 bats (D:1)
  3 frilled lizards
  A goblin zombie (Ossuary)
  3 hobgoblin zombies (Ossuary)
  A jackal skeleton (D:3)
  4 kobold zombies (Ossuary)
  6 rats
36 creatures vanquished.

Notes
Turn   | Place    | Note
-------+----------+-------------------------------------------
     0 | D:1      | Froggeryz the Gargoyle Monk began the quest for the Orb.
     0 | D:1      | Reached XP level 1. HP: 14/14 MP: 1/1
   247 | D:1      | Reached XP level 2. HP: 19/19 MP: 2/2
   475 | D:1      | Reached skill level 1 in Armour
   853 | D:2      | Reached XP level 3. HP: 19/23 MP: 3/3
   998 | D:2      | You fall into a shaft and drop 2 floors!
  1022 | D:3      | Reached skill level 4 in Unarmed Combat
  1072 | D:4      | Found a sand-covered staircase.
  1147 | Ossuary  | Entered an ossuary
  1147 | Ossuary  | Noticed a wraith
  1147 | Ossuary  | Noticed a wraith
  1147 | Ossuary  | Noticed a wraith
  1286 | Ossuary  | Noticed a wraith
  1300 | Ossuary  | Slain by a wraith

Illustrated notes

Levels and vault maps discovered:
D:1:      giann_wishing_wells, layout_basic, dk_noncrumbling_4,
          minmay_shallow_snake_nest
D:2:      layout_rooms, minmay_tall_x
D:3:      layout_loops_ring, minmay_gold_behind_fungi
D:4:      layout_loops_cross, grunt_temple_overflow_open,
          minmay_temple_entry_glass, nicolae_ossuary_entry_false_entrances,
          makhleb_altar_promises_db
Ossuary:  ossuary_kennysheep_city_of_the_dead

Skill      XL: |  1  2  3 |
---------------+----------+-----
Armour         | 1 |  1.6
Unarmed Combat | 4 |  4.1
Fighting       | |  3.2
Dodging        | |  2.4
Stealth        | |  2.1

Action                   || total
-------------------------++-------
Melee: Unarmed           ||   160
       Punch             ||     1
  Use: Potion            ||     1
Armor: Scale mail        ||    89
Dodge: Dodged            ||    67

Table legend: (Time is in decaauts)
 A = Elapsed time spent in this place.
 B = Non-inter-level travel time spent in this place.
 C = Inter-level travel time spent in this place.
 D = Time resting spent in this place.
 E = Time spent auto-exploring this place.
 F = Levels seen in this place.
 G = Mean time per level.
                   A        B        C        D        E       F      G
               +--------+--------+--------+--------+--------+-----+--------+
         Total |   1290 |   1265 |     25 |    146 |    677 |   5 |  258.0 |
       Dungeon |   1138 |   1113 |     25 |    100 |    677 |   4 |  284.5 |
       Ossuary |    152 |    152 |      0 |     46 |      0 |   1 |  152.0 |
               +--------+--------+--------+--------+--------+-----+--------+

Top non-repeatable levels by time:
     D:1: 822 daAuts
     D:2: 168 daAuts
 Ossuary: 152 daAuts
     D:4: 112 daAuts
     D:3: 35 daAuts
